 Dungeon Crawl Stone Soup version 0.20.0-14-g326068f (webtiles) character file.

141420 Naow the Brawler (level 16, 0/170 HPs)
             Began as a Troll Monk on June 7, 2017.
             Was the Champion of Okawaru.
             Slain by an eight-headed hydra (10 damage)
             ... on level 4 of the Swamp.
             The game lasted 00:58:05 (25671 turns).

Naow the Brawler (Troll Monk)                      Turns: 25671, Time: 00:58:06

Health: 0/170      AC: 13    Str: 28    XL:     16   Next: 78%
Magic:  21/21      EV: 16    Int:  6    God:    Okawaru [******]
Gold:   1996       SH: 20    Dex: 12    Spells: 16/19 levels left

rFire    + . .     SeeInvis .     - Unarmed
rCold    . . .     Gourm    +   q - +1 large shield {rPois}
rNeg     . . .     Faith    .   U - +2 troll leather armour {Snorg}
rPois    +         Spirit   .   m - +0 hat of Loss {rC- MR+ Regen+}
rElec    .         Reflect  .   D - scarf {rC+ rF+}
rCorr    .         Harm     .   (gloves unavailable)
MR       ++...                  (boots unavailable)
Stlth    +.........             F - amulet of regeneration
Regen    2.0/turn               L - +4 ring of protection
MPRegen  0.2/turn               B - +5 ring of evasion

@: no status effects
A: unfitting armour, claws 3, fast metabolism 3, gourmand, regeneration 1,
shaggy fur 1, tough skin 2
a: Heroism, Finesse, Renounce Religion


You were on level 4 of the Swamp.
You worshipped Okawaru.
Okawaru was exalted by your worship.
You were full.

You visited 5 branches of the dungeon, and saw 28 of its levels.
You also visited: Ossuary.

You collected 1996 gold pieces.

Inventory:

Hand Weapons
 Z - a +1 rapier of flaming
Missiles
 r - 16 large rocks (quivered)
 t - 4 silver javelins
Armour
 m - the +0 hat of Loss (worn) {rC- MR+ Regen+}
   (Okawaru gifted it to you on level 2 of the Lair of Beasts)

   It makes you vulnerable to cold.
   It affects your resistance to hostile enchantments.
   It increases your rate of regeneration.
 q - a +1 large shield of poison resistance (worn)
 v - a scarf of repulsion
 D - a scarf of resistance (worn)
 E - a +2 hat of magic resistance
 T - the +2 cloak "Zany" {MR++ Int+4 Dex+3}
   (Okawaru gifted it to you on level 6 of the Lair of Beasts)

   It affects your intelligence (+4).
   It affects your dexterity (+3).
   It affects your resistance to hostile enchantments.
 U - a +2 troll leather armour (worn) {Snorg}
Jewellery
 a - an uncursed ring of see invisible
 i - an uncursed ring of positive energy
 w - an uncursed ring of magical power
 B - a +5 ring of evasion (right claw)
 F - an amulet of regeneration (around neck)
 L - a +4 ring of protection (left claw)
 O - the ring of Zylucupru {*Corrode rElec rPois Int+6 Slay+4}
   (You found it on level 1 of the Swamp)

   [ring of slaying]

   It affects your intelligence (+6).
   It affects your accuracy and damage with ranged weapons and melee attacks
   (+4).
   It insulates you from electricity.
   It protects you from poison.
   It may corrode you when you take damage.
 V - the ring of Qozot {+Inv rPois rC+ Int-2}
   (You found it on level 5 of the Lair of Beasts)

   [ring of protection from cold]

   It affects your intelligence (-2).
   It protects you from cold.
   It protects you from poison.
   It lets you turn invisible.
Wands
 K - a wand of acid (15/15)
Scrolls
 c - 4 scrolls of blinking
 e - 18 scrolls of remove curse
 j - 7 scrolls of identify
 k - 2 scrolls of recharging
 o - a scroll of acquirement
 u - a scroll of amnesia
 x - 4 scrolls of fear
 y - 10 scrolls of teleportation
 C - a scroll of torment {unknown}
 H - 6 scrolls of enchant weapon
 N - 7 scrolls of enchant armour
 S - 6 scrolls of magic mapping
Potions
 g - a potion of brilliance
 l - 3 potions of agility
 n - 7 potions of haste
 p - a potion of berserk rage {unknown}
 s - 5 potions of heal wounds
 z - a potion of cancellation
 A - 3 potions of flight
 G - 7 potions of lignification
 I - a potion of invisibility
 J - a potion of resistance
 M - 5 potions of might
 P - a potion of magic
 R - 11 potions of curing
 Y - 2 potions of ambrosia
Books
 X - a book of Spatial Translocations

   Spells                             Type                      Level
   a - Blink                          Translocation                2
   b - Shroud of Golubria             Charms/Translocation         2
   c - Lesser Beckoning               Translocation                3
   d - Gell's Gravitas                Translocation                3
   e - Teleport Other                 Translocation                3
   f - Passage of Golubria            Translocation                4
Comestibles
 b - 6 royal jellies
 d - 7 bread rations
 f - 18 fruits
 h - a meat ration


   Skills:
 + Level 13.3 Fighting
 - Level 9.9 Throwing
 - Level 7.0 Dodging
 - Level 1.0 Stealth
 - Level 10.3 Shields
 + Level 16.7 Unarmed Combat
 - Level 2.0 Spellcasting
 + Level 3.0 Translocations
 - Level 8.0 Invocations


You had 16 spell levels left.
You knew the following spells:

 Your Spells              Type           Power        Failure   Level  Hunger
a - Apportation           Tloc           #.....       34%         1    ##.....
b - Blink                 Tloc           N/A          47%         2    ###....


Dungeon Overview and Level Annotations

Branches:
Dungeon (15/15)            Temple (1/1) D:6            Lair (6/6) D:8
  Swamp (4/4) Lair:3        Snake (2/4) Lair:4        Slime (0/5) Lair:5
    Orc (0/2) D:10         Vaults (0/5) D:13         Depths (0/5) D:15

Altars:
Ashenzari
Cheibriados
Dithmenos
Elyvilon
Fedhas
Gozag
Hepliaklqana
Kikubaaqudgha
Makhleb
Nemelex Xobeh
Okawaru
Qazlal
Ru
Sif Muna
Trog
Uskayaw
Vehumet
Xom
Yredelemnul
Zin
The Shining One

Shops:
D:6 *   D:9 *   Snake:1 (

Annotations:
D:8 1 transporter


Innate Abilities, Weirdness & Mutations

You are too large for most types of armour.
You have claws for hands.
Your metabolism is lightning-fast.
You like to eat raw meat.
Your natural rate of healing is unusually fast.
You are covered in fur. (AC +1)
You have very tough skin. (AC +2)


Message History

The eight-headed hydra is almost dead.
You block the eight-headed hydra's attack. x2
The eight-headed hydra misses you. The eight-headed hydra bites you!
* * * LOW HITPOINT WARNING * * *
The eight-headed hydra closely misses you.
You block the eight-headed hydra's attack.
The eight-headed hydra barely misses you. x2
The bog body hits you!
* * * LOW HITPOINT WARNING * * *
You block the bog body's attack.
The eight-headed hydra barely misses you.
The eight-headed hydra bites you but does no damage.
The eight-headed hydra bites you.
* * * LOW HITPOINT WARNING * * *
The eight-headed hydra bites you!
* * * LOW HITPOINT WARNING * * *
The eight-headed hydra bites you.
* * * LOW HITPOINT WARNING * * *
The eight-headed hydra bites you!
You die...

♣≈≈≈≈.♣♣≈.≈≈≈≈.♣♣
♣♣.......≈≈≈≈≈.≈♣
♣≈≈≈≈..≈≈≈≈≈≈.♣♣
♣♣≈.≈≈≈.≈≈≈≈≈≈≈♣♣♣♣♣♣
♣≈..≈≈≈≈≈≈≈≈≈≈≈.≈..≈♣
♣♣≈≈♣.≈≈≈≈≈≈≈≈≈≈§≈[.♣♣
♣♣[.≈≈≈≈≈≈≈≈≈....≈♣...♣
♣....≈nn≈≈≈≈≈≈≈≈♣♣♣.≈.♣
.≈..§≈..kD@..≈≈...)♣♣♣♣♣♣
.≈....≈≈.♣♣♣♣♣....<.≈♣♣
≈≈..≈.....≈?≈......≈§≈≈.♣
≈≈###♣.≈..≈♣≈≈≈.♣..≈≈≈≈.♣
. ♣?....♣≈≈≈♣.≈≈≈≈≈..♣
♣.!..≈≈.≈≈≈.≈≈≈≈.≈♣♣
♣♣≈≈♣. ....≈≈≈≈.♣♣
...≈≈≈≈... ♣.≈≈§≈?...


You could see an eight-headed hydra, 2 bog bodies and a swamp drake.

Vanquished Creatures
  Gastronok (Lair:1)
  4 thorn hunters
  Agnes (Snake:1)
  A juggernaut zombie (D:15)
  A very ugly thing (Swamp:3)
  Azrael (D:13)
  Snorg (D:13)
  Josephine (D:14)
  Fannar (Lair:2)
  5 naga warriors
  4 centaur warriors
  8 hydras
  4 catoblepae
  8 death yaks (Lair:6)
  An anaconda (Snake:1)
  2 two-headed ogres
  A ghost crab (Swamp:2)
  2 alligators
  A shock serpent (Snake:2)
  Nergalle (Lair:1)
  3 naga sharpshooters (Snake:1)
  5 skeletal warriors
  An unseen horror (D:14)
  4 slime creatures
  A flayed ghost (D:15)
  6 swamp dragons
  A naga ritualist (Snake:2)
  A lindwurm (D:13)
  2 deep elf archers (D:14)
  Pikel (D:5)
  A shambling mangrove (Swamp:2)
  A necromancer (D:15)
  A wolf spider zombie (D:15)
  5 mana vipers (Snake:1)
  A fire giant zombie (D:15)
  A cyclops (shapeshifter) (D:13)
  5 deep elf magi
  4 manticores
  6 oklob plants
  3 cyclopes
  19 ugly things
  5 salamanders
  2 guardian serpents
  6 elephants (Lair:6)
  Joseph (D:9)
  19 black mambas
  7 naga magi
  A torpor snail (Lair:3)
  3 gargoyles
  Psyche (D:9)
  2 molten gargoyles (Lair:5)
  2 spriggan zombies (D:15)
  16 spiny frogs
  A yaktaur (shapeshifter) (D:13)
  A kobold demonologist (D:14)
  3 komodo dragons
  A guardian mummy (D:15)
  A tengu conjurer (D:15)
  4 trolls
  3 meliai (D:14)
  A polar bear (Lair:6)
  11 hornets
  Grinder (D:6)
  A tyrant leech (Swamp:1)
  5 bog bodies
  A wolf spider simulacrum (D:15)
  Prince Ribbit (D:6)
  17 blink frogs
  Sigmund (D:5)
  7 hippogriffs
  2 shadows
  A meliai zombie (D:15)
  A centaur simulacrum (D:15)
  42 yaks
  15 spriggans
  A water elemental (D:14)
  7 wraiths
  3 wyverns
  A hog (shapeshifter) (D:15)
  2 vampires
  A human (D:7)
  4 fire elementals (D:13)
  4 hogs (D:7)
  A hungry ghost (D:12)
  Grum (D:9)
  3 steam dragons
  2 basilisks
  18 vampire mosquitoes
  11 insubstantial wisps
  3 acid dragons
  19 nagas
  11 swamp worms
  2 wargs (Lair:2)
  A soldier ant (D:13)
  3 hell hounds (D:13)
  4 slaves (D:6)
  10 water moccasins
  10 swamp drakes
  9 porcupines
  13 orc warriors
  6 ice beasts
  3 sky beasts
  An eye of draining (D:15)
  10 ogres
  3 black bears
  2 necrophages (D:12)
  26 wolves
  7 phantoms
  16 centaurs
  14 crocodiles
  21 bullfrogs
  A big kobold (D:14)
  A gnoll sergeant (D:9)
  2 elf skeletons (D:12)
  17 scorpions
  3 killer bees (D:7)
  7 howler monkeys
  16 wights
  2 electric eels
  5 crimson imps
  5 jellies
  7 centaur zombies
  A quasit (D:6)
  7 lava snakes (Lair:5)
  3 centaur skeletons
  9 hounds
  7 human zombies
  19 orc wizards
  3 bullfrog zombies
  Crazy Yiuf (D:3)
  11 orc priests
  3 bullfrog skeletons
  2 iguanas (D:11)
  2 worker ants
  2 big kobold zombies (Ossuary)
  A hound zombie (D:7)
  2 hound skeletons
  4 mummies
  4 scorpion zombies (Ossuary)
  7 gnolls
  14 adders
  11 shadow imps
  2 adder zombies
  3 adder skeletons
  4 worms
  A dart slug (D:1)
  9 leopard geckos
  52 orcs
  6 bats
  6 giant cockroaches
  2 gnoll zombies (Ossuary)
  5 goblins
  8 hobgoblins
  21 jackals
  4 quokkas
  2 ball pythons
  A frilled lizard (D:1)
  2 goblin zombies (Ossuary)
  11 kobolds
  A kobold zombie (Ossuary)
  A leopard gecko skeleton (D:4)
  An orc zombie (D:12)
  7 rats
  2 briar patches (Swamp:3)
  2 fungi
  A plant (Lair:2)
893 creatures vanquished.

Vanquished Creatures (others)
  A shadow wraith (D:13)
  A swamp drake (Swamp:3)
  A crocodile (Lair:6)
  A mummy (Ossuary)
  An adder skeleton (D:6)
  A jackal (D:8)
  A briar patch (Swamp:3)
  2 fungi
  5 plants
14 creatures vanquished.

Grand Total: 907 creatures vanquished

Notes
Turn   | Place    | Note
-------+----------+-------------------------------------------
     0 | D:1      | Naow the Troll Monk began the quest for the Orb.
     0 | D:1      | Reached XP level 1. HP: 22/22 MP: 0/0
   107 | D:1      | Found a snail-covered altar of Cheibriados.
   177 | D:1      | Reached XP level 2. HP: 29/29 MP: 1/1
   837 | D:2      | Reached XP level 3. HP: 34/36 MP: 2/2
   987 | D:2      | You fall through a shaft!
  1000 | D:3      | Reached skill level 4 in Unarmed Combat
  1003 | D:3      | Reached XP level 4. HP: 21/45 MP: 3/3
  1563 | D:3      | Reached skill level 5 in Unarmed Combat
  1563 | D:3      | Reached XP level 5. HP: 52/53 MP: 4/4
  1742 | D:3      | Found a runed door.
  1747 | D:3      | Noticed Crazy Yiuf
  1753 | D:3      | Killed Crazy Yiuf
  1854 | D:2      | Found a sacrificial altar of Ru.
  2648 | D:4      | Reached XP level 6. HP: 56/62 MP: 5/5
  2764 | D:4      | Reached skill level 6 in Unarmed Combat
  3151 | D:5      | Entered Level 5 of the Dungeon
  3220 | D:5      | Noticed Sigmund
  3247 | D:6      | Noticed an ice beast
  3551 | D:5      | Reached XP level 7. HP: 71/71 MP: 6/6
  3567 | D:5      | Killed Sigmund
  3567 | D:5      | Reached skill level 7 in Unarmed Combat
  4130 | D:6      | Found Zin's Purification Station.
  4131 | D:6      | Found a glowing silver altar of Zin.
  4141 | D:6      | Found a staircase to the Ecumenical Temple.
  4179 | Temple   | Entered the Ecumenical Temple
  4371 | Temple   | Became a worshipper of Warmaster Okawaru
  4371 | Temple   | Reached * piety under Okawaru
  4371 | Temple   | Reached ** piety under Okawaru
  4437 | D:6      | Reached skill level 5 in Fighting
  4437 | D:6      | Reached skill level 8 in Unarmed Combat
  4438 | D:6      | Noticed Grinder
  4446 | D:6      | Paralysed by Grinder for 5 turns
  4453 | D:6      | Paralysed by Grinder for 6 turns
  4465 | D:6      | Killed Grinder
  4465 | D:6      | Reached XP level 8. HP: 33/80 MP: 7/7
  4758 | D:6      | Found a deep blue altar of Sif Muna.
  4759 | D:6      | Noticed an oklob plant
  4770 | D:6      | Killed an oklob plant
  4770 | D:6      | Reached *** piety under Okawaru
  4770 | D:6      | Reached skill level 9 in Unarmed Combat
  4916 | D:6      | Noticed Pikel
  4945 | D:5      | Killed Pikel
  4945 | D:5      | Reached skill level 10 in Unarmed Combat
  4945 | D:5      | Reached XP level 9. HP: 31/89 MP: 8/8
  5282 | D:6      | Found a sparkling altar of Nemelex Xobeh.
  5282 | D:6      | Found an opulent altar of Gozag.
  5352 | D:6      | Noticed Prince Ribbit
  5368 | D:6      | Killed Prince Ribbit
  5368 | D:6      | Reached skill level 1 in Shields
  5663 | D:6      | Reached skill level 11 in Unarmed Combat
  5791 | D:6      | Reached **** piety under Okawaru
  5852 | D:6      | Reached skill level 1 in Throwing
  6335 | D:7      | Reached XP level 10. HP: 73/100 MP: 6/9
  6455 | D:8      | Found a sand-covered staircase.
  6463 | Ossuary  | Entered an ossuary
  6624 | Ossuary  | Received a gift from Okawaru
  6736 | Ossuary  | Reached skill level 5 in Shields
  7104 | D:8      | Reached ***** piety under Okawaru
  7104 | D:8      | Received a gift from Okawaru
  7104 | D:8      | Reached skill level 5 in Throwing
  7322 | D:8      | Found a staircase to the Lair.
  7352 | D:8      | Received a gift from Okawaru
  7408 | D:8      | Found a transporter.
  7792 | D:9      | Noticed Grum
  7892 | D:9      | Killed Grum
  7991 | D:9      | Noticed Joseph
  8001 | D:9      | Killed Joseph
  8016 | D:9      | Reached XP level 11. HP: 89/107 MP: 8/10
  8019 | D:9      | Reached skill level 12 in Unarmed Combat
  8210 | D:9      | Noticed a skeletal warrior
  8221 | D:9      | Killed a skeletal warrior
  8221 | D:9      | Received a gift from Okawaru
  8388 | D:9      | Reached skill level 1 in Invocations
  8650 | D:9      | Found Gacig's Assorted Antiques.
  8796 | D:9      | Noticed Psyche
  8812 | D:9      | Killed Psyche
  9248 | D:9      | Reached skill level 5 in Invocations
  9333 | D:10     | Entered Level 10 of the Dungeon
  9369 | D:10     | Found a staircase to the Orcish Mines.
  9530 | D:10     | Received a gift from Okawaru
  9902 | D:10     | Received a gift from Okawaru
 10465 | D:11     | Noticed a two-headed ogre
 10469 | D:11     | Killed a two-headed ogre
 10644 | D:11     | Noticed a red ugly thing
 10656 | D:11     | Killed a red ugly thing
 10703 | D:11     | Learned a level 1 spell: Apportation
 10821 | D:11     | Reached XP level 12. HP: 116/118 MP: 17/17
 10878 | D:11     | Noticed a seven-headed hydra
 10887 | D:11     | Killed a nine-headed hydra
 11787 | D:12     | Received a gift from Okawaru
 11787 | D:12     | Reached ****** piety under Okawaru
 12024 | D:12     | Found a basalt altar of Yredelemnul.
 12133 | D:13     | Noticed Azrael
 12160 | D:13     | Killed Azrael
 12160 | D:13     | Reached skill level 13 in Unarmed Combat
 12302 | D:13     | Noticed Snorg
 12316 | D:13     | Killed Snorg
 12596 | D:13     | Reached XP level 13. HP: 126/130 MP: 18/18
 13017 | D:13     | Identified a scroll of acquirement
 13044 | D:13     | Found a gate to the Vaults.
 13132 | D:14     | Received a gift from Okawaru
 13340 | D:14     | Noticed Josephine
 13350 | D:14     | Killed Josephine
 13435 | D:14     | Found a shattered altar of Ashenzari.
 13472 | D:14     | Reached skill level 14 in Unarmed Combat
 13511 | D:14     | Reached skill level 5 in Dodging
 13516 | D:14     | Received a gift from Okawaru
 14173 | D:15     | Entered Level 15 of the Dungeon
 14186 | D:15     | Reached skill level 10 in Fighting
 14558 | D:15     | Received a gift from Okawaru
 14634 | D:15     | Found a staircase to the Depths.
 14641 | D:15     | Reached XP level 14. HP: 87/144 MP: 16/19
 14717 | D:15     | Received a gift from Okawaru
 15254 | D:15     | Found a glowing golden altar of the Shining One.
 15503 | Lair:1   | Entered Level 1 of the Lair of Beasts
 15708 | Lair:1   | Noticed Gastronok
 15722 | Lair:1   | Killed Gastronok
 15816 | Lair:1   | Noticed Nergalle
 15850 | Lair:1   | Killed Nergalle
 16696 | Lair:2   | Noticed Fannar
 16710 | Lair:2   | Killed Fannar
 16710 | Lair:2   | Received a gift from Okawaru
 16722 | Lair:2   | Got a twisted hat {god gift}
 17195 | Lair:3   | Found a staircase to the Swamp.
 18032 | Lair:4   | Found a staircase to the Snake Pit.
 18126 | Lair:4   | Reached XP level 15. HP: 141/154 MP: 20/20
 18928 | Lair:5   | Found a staircase to the Slime Pits.
 18947 | Lair:5   | Reached skill level 15 in Unarmed Combat
 19575 | Lair:5   | Got a faintly glowing lead ring
 19843 | Lair:6   | Entered Level 6 of the Lair of Beasts
 20354 | Lair:6   | Received a gift from Okawaru
 20397 | Lair:6   | Got a transparent cloak {god gift}
 20408 | Lair:6   | Identified the +2 cloak "Zany" {MR++ Int+4 Dex+3} (Okawaru gifted it to you on level 6 of the Lair of Beasts)
 20418 | Lair:6   | Identified the +0 hat of Loss {rC- MR+ Regen+} (Okawaru gifted it to you on level 2 of the Lair of Beasts)
 20424 | Lair:6   | Identified the ring of Qozot {+Inv rPois rC+ Int-2} (You found it on level 5 of the Lair of Beasts)
 21186 | Snake:1  | Entered Level 1 of the Snake Pit
 21390 | Snake:1  | Got a warped steel ring
 21410 | Snake:1  | Identified the ring of Fiew {rC+ MP+9 Int+2 Stlth-} (You found it on level 1 of the Snake Pit)
 21726 | Snake:1  | Found Bera's Antique Weapon Shoppe.
 21856 | Snake:1  | Received a gift from Okawaru
 21916 | Snake:1  | Noticed Agnes
 21925 | Snake:1  | Killed Agnes
 21925 | Snake:1  | Received a gift from Okawaru
 22339 | Snake:2  | Received a gift from Okawaru
 22344 | Snake:2  | Reached skill level 16 in Unarmed Combat
 22499 | Snake:2  | Reached XP level 16. HP: 140/167 MP: 21/21
 23210 | Swamp:1  | Entered Level 1 of the Swamp
 23239 | Swamp:1  | Got a scorched granite ring
 23377 | Swamp:1  | Received a gift from Okawaru
 23420 | Swamp:1  | Identified the ring of Zylucupru {*Corrode rElec rPois Int+6 Slay+4} (You found it on level 1 of the Swamp)
 23429 | Swamp:1  | Learned a level 2 spell: Blink
 23660 | Swamp:1  | Received a gift from Okawaru
 23927 | Swamp:2  | Reached skill level 10 in Shields
 23973 | Swamp:2  | Noticed a thorn hunter
 23988 | Swamp:2  | Killed a thorn hunter
 23988 | Swamp:2  | Reached skill level 1 in Spellcasting
 24050 | Swamp:2  | Reached skill level 1 in Translocations
 24076 | Swamp:2  | Noticed a thorn hunter
 24083 | Swamp:2  | Killed a thorn hunter
 25049 | Swamp:3  | Noticed a thorn hunter
 25071 | Swamp:3  | Killed a thorn hunter
 25374 | Swamp:3  | Noticed a thorn hunter
 25391 | Swamp:3  | Killed a thorn hunter
 25471 | Swamp:4  | Entered Level 4 of the Swamp
 25671 | Swamp:4  | Slain by an eight-headed hydra

Skill      XL: |  1  2  3  4  5  6  7  8  9 10 11 12 13 14 15 16 |
---------------+-------------------------------------------------+-----
Fighting       | 3 4 5 6 7 8 10 11 12 13 | 13.3
Unarmed Combat | 4 5 6 8 10 11 12 13 14 16 | 16.7
Shields        | 3 5 7 9 10 | 10.3
Throwing       | 3 6 8 9 |  9.9
Invocations    | 8 |  8.0
Dodging        | 6 7 |  7.0
Spellcasting   | 2 |  2.0
Translocations | 3 |  3.0
Stealth        | |  1.0

Action                   |  1- 3 |  4- 6 |  7- 9 | 10-12 | 13-15 | 16-18 || total
-------------------------+-------+-------+-------+-------+-------+-------++-------
Melee: Unarmed           |    99 |   174 |   277 |   806 |  1418 |   461 ||  3235
       Punch             |     1 |       |     3 |       |       |       ||     4
Throw: Javelin           |       |       |       |     5 |       |       ||     5
       Tomahawk          |       |       |       |     4 |       |       ||     4
       Large rock        |       |       |       |     3 |    17 |    21 ||    41
Invok: Heroism           |       |       |     2 |    15 |    23 |     4 ||    44
       Finesse           |       |       |       |     2 |     4 |     1 ||     7
  Use: Scroll            |       |       |       |    25 |     5 |     3 ||    33
       Potion            |       |       |       |       |     2 |       ||     2
 Stab: Sleeping          |     1 |       |       |       |     2 |       ||     3
       Distracted        |       |       |     2 |       |       |       ||     2
       Petrified         |       |       |       |       |     2 |       ||     2
       Confused          |       |       |       |       |       |     4 ||     4
  Eat: Chunk             |    15 |    20 |    28 |    58 |    85 |    22 ||   228
       Meat ration       |       |       |       |       |       |     2 ||     2
Armor: Robe              |    32 |    61 |   100 |    92 |       |       ||   285
       Fire dragon scale |       |       |       |   128 |       |       ||   128
       Troll leather arm |       |       |       |     8 |   226 |    88 ||   322
Dodge: Dodged            |    39 |    71 |   115 |   231 |   534 |   222 ||  1212
       Deflected         |       |       |       |       |    23 |       ||    23
Block: Shield            |       |       |    94 |   349 |   184 |       ||   627
       Large shield      |       |       |       |       |   812 |   471 ||  1283
